 Dungeon Crawl Stone Soup version 0.22-a0-388-g09e6169 (webtiles) character file.

32 roflturtle the Skirmisher (level 3, -8/29 HPs)
             Began as a Vampire Fighter on Apr 29, 2018.
             Mangled by a gnoll
             ... wielding a +0 halberd
              (9 damage)
             ... on level 2 of the Dungeon.
             The game lasted 00:04:26 (591 turns).

roflturtle the Skirmisher (Vampire Fighter)          Turns: 591, Time: 00:04:27

Health: -8/29      AC:  5    Str: 16    XL:     3   Next: 8%
Magic:  3/3        EV:  7    Int: 10    God:
Gold:   62         SH:  9    Dex: 13    Spells: 2/2 levels left

rFire    . . .     SeeInvis +   a - +0 long sword
rCold    . . .     Gourm    .   c - +0 shield
rNeg     + . .     Faith    .   f - +0 ring mail
rPois    .         Spirit   .   (no helmet)
rElec    .         Reflect  .   (no cloak)
rCorr    .         Harm     .   (no gloves)
MR       .....                  (no boots)
Stlth    +.........             (no amulet)
HPRegen  0.09/turn              (no ring)
MPRegen  0.08/turn              (no ring)

@: no status effects
A: fangs 3, see invisible, unbreathing
a: Bat Form


You were on level 2 of the Dungeon.
You were not thirsty.

You visited 1 branch of the dungeon, and saw 2 of its levels.

You collected 62 gold pieces.

Inventory:

Hand Weapons
 a - a +0 long sword (weapon)
Armour
 c - a +0 shield (worn)
 f - a +0 ring mail (worn)
Jewellery
 g - an uncursed ring of poison resistance {unknown}
 i - an uncursed amulet of regeneration {unknown}
Potions
 b - 2 potions of curing {unknown}
 d - a potion of might
 e - 12 potions of blood
 h - a potion of mutation {unknown}


   Skills:
 - Level 3.0 Fighting
 + Level 2.9 Long Blades
 - Level 2.4 Armour
 - Level 3.0 Shields


You had 2 spell levels left.
You didn't know any spells.

Dungeon Overview and Level Annotations

Branches:
Dungeon (2/15)

Altars:


Innate Abilities, Weirdness & Mutations

You have razor-sharp teeth.
You have supernaturally acute eyesight. (SInv)
You can survive without breathing.


Message History

The gnoll hits you with a halberd.
Your shield prevents you from hitting the gnoll.
The gnoll is moderately wounded.
The gnoll closely misses you. The gnoll barely misses you.
You riposte.
You hit the gnoll.
The gnoll is severely wounded.
You closely miss the gnoll.
The gnoll is severely wounded.
The gnoll hits you with a halberd!
* * * LOW HITPOINT WARNING * * *
You hit the gnoll.
The gnoll is almost dead.
The gnoll hits you with a halberd!
* * * LOW HITPOINT WARNING * * *
Unknown command.
Okay, then.
You completely miss the gnoll.
The gnoll is almost dead.
The gnoll hits you with a halberd!
You die...

## ##+## .# ##...## .# #
##.....## ### .# .###
##.......## ##.## .#
.%.###.........####g..##.####..
.....).........'@ggg.......g...
[..###.........####...##.###...
.#.# ##.......## ##.## .# #.#
##.....## ### .# #.#
##...########## .# ##.#
####+###.......# .# ...#
#.......%#####.###.# ####
#.##.##..# #.......# #.##.##..#
#.#.#####


You could see 4 gnolls.

Vanquished Creatures
  A leopard gecko (D:1)
  4 giant cockroaches
  3 goblins
  3 hobgoblins (D:1)
  2 jackals (D:1)
  3 bats
  2 frilled lizards (D:1)
  5 kobolds (D:1)
  6 rats (D:1)
29 creatures vanquished.

Notes
Turn   | Place    | Note
-------+----------+-------------------------------------------
     0 | D:1      | roflturtle the Vampire Fighter began the quest for the Orb.
     0 | D:1      | Reached XP level 1. HP: 17/17 MP: 1/1
    79 | D:1      | Reached XP level 2. HP: 21/24 MP: 2/2
   548 | D:2      | Reached XP level 3. HP: 29/29 MP: 3/3
   590 | D:2      | HP: 1/29 [gnoll/halberd (7)]
   591 | D:2      | Mangled by a gnoll

Vault maps used:
D:1:      grunt_arrival_crossed_arrows
D:2:      fedhas_altar_fruit_tree, chequers_temple_overflow_statue_of_worship,
          minmay_tetromino_o2

Skill      XL: |  1  2 |
---------------+-------+-----
Fighting       | 3 |  3.0
Shields        | 3 |  3.0
Long Blades    | |  2.9
Armour         | |  2.4

Action                   || total
-------------------------++-------
Melee: Long sword        ||    94
       Bite              ||     8
Armor: Scale mail        ||     3
       Ring mail         ||    30
Dodge: Dodged            ||    29
Block: Shield            ||    40
       Rpst.: Long sword ||    13

Table legend:
 A = Spawn XP
 B = Non-spawn XP
 C = Spawn XP percentage of total XP
 D = Spawn monster count
 E = Non-spawn monster count
 F = Spawn count percentage of total count
 G = Total turns spent on level
                    A         B        C        D         E        F      G
               +---------+---------+-------+---------+---------+-------+---------
         Total |       0 |      46 |   0.0 |       0 |      29 |   0.0 |   591
               +---------+---------+-------+---------+---------+-------+---------
           D:1 |       0 |      40 |   0.0 |       0 |      26 |   0.0 |   490
           D:2 |       0 |       6 |   0.0 |       0 |       3 |   0.0 |   101
               +---------+---------+-------+---------+---------+-------+---------
